cohdb
Replays
Latest Replays
All Replays
Popular Replays
Top Player Replays
Match Explorer
How It Works
Community
CoH3 Stats
Reddit
Sign in to upload your games and track your stats! →
Sign in with Steam
Match 43049546
Unlisted
Match 43049546
Overview
Messages
Build Orders
End
Vickers Machine Gun Team
Selects Canadian Shock Battlegroup
Construct Section Command Post
ML 3-inch Mortar Team
Infantry Section
Infantry Section
Grenade Package
Selects Attacking Spirit
Selects Canadian Shock Section
Canadian Shock Section
Infantry Section
Selects Incendiary Munitions
Construct Platoon Command Post
Unlock Bishop Self-propelled Artillery
6-pounder Anti-tank Gun Team
Unlock M3 Stuart Light Tanks
M3 Stuart Light Tank
Construct Field Infirmary
Bishop Self-propelled Artillery
Selects Pyrotechnics
Canadian Shock Section
Spectre
TravisD
RED
霍普
Joraad
Sengoku10
坤少
ENVY
0
0
Comments
sign in to comment!
No comments posted yet!